Map: Bel'Shir Vestige LE (Void)

Players

MovieMaker

  • Race: Terran Terran
  • League: Master
  • Spawn Location: 11:00

Railgan - Winner!

  • Race: Zerg Zerg
  • League: Grandmaster
  • Spawn Location: 5:00

VOD

Have the link to the VOD?

Description

Time

  • Played on: March 13, 2017, 4:35 p.m.
  • Length: 10:22
Show
View Real Time Build Order
Export as new Build Order

MovieMaker Terran 

Build Orders: Liberator Opening, Reaper Expand, MMM Bio 

Get SALT Encoding   

  12  0:00  SCV  
  13  0:13  SCV  
  14  0:17  Supply Depot  
  14  0:25  SCV  
  15  0:29  Refinery  
  15  0:39  SCV  
  16  0:44  Barracks  
  16  0:51  SCV  
  17  1:03  SCV  
  18  1:15  SCV  
  19  1:31  Reaper, Orbital Command  
  20  1:43  Command Center  
  20  1:53  Factory  
  20  1:56  SCV  
  21  2:06  Supply Depot  
  21  2:08  Barracks Reactor  
  21  2:10  SCV  
  22  2:16  Refinery  
  22  2:22  SCV  
  23  2:34  SCV  
  24  2:43  Starport  
  24  2:46  SCV  
  25  2:58  SCV  
  25  3:01  Marine, Hellion x2  
  32  3:08  Orbital Command  
  32  3:10  SCV  
  32  3:20  Medivac  
  32  3:21  Barracks Tech Lab  
  32  3:23  Hellion x2, SCV  
  39  3:35  SCV  
  39  3:36  SCV  
  41  3:42  Armory  
  41  3:48  SCV  
  42  3:49  Hellion x2  
  42  3:54  Supply Depot  
  45  3:57  Liberator  
  45  4:06  SCV  
  45  4:09  Stimpack  
  46  4:14  Marine  
  50  4:18  Supply Depot  
  50  4:23  Hellion x2  
  53  4:27  SCV  
  54  4:32  Marine, SCV  
  56  4:39  SCV  
  56  4:42  Supply Depot  
  57  4:49  SCV  
  57  4:51  Marine, SCV  
  60  4:57  Factory Reactor  
  60  5:01  SCV  
  60  5:03  SCV  
  50  5:13  SCV  
  49  5:17  SCV  
  49  5:18  Marine  
  47  5:25  SCV  
  47  5:27  Command Center  
  48  5:29  Starport Reactor, SCV  
  48  5:31  Barracks  
  48  5:34  Barracks  
  48  5:35  Barracks  
  49  5:36  Marine  
  49  5:37  SCV  
  49  5:42  SCV  
  49  5:45  Bunker  
  49  5:48  Engineering Bay  
  49  5:49  Engineering Bay, SCV  
  47  5:51  Factory Reactor  
  47  5:54  Marine, SCV  
  49  5:59  Barracks  
  49  6:00  Refinery  
  49  6:01  SCV  
  47  6:12  Marine  
  43  6:21  Marine x2  
  43  6:22  Marine  
  43  6:23  SCV  
  47  6:28  Combat Shields  
  47  6:30  Marine  
  47  6:35  Terran Infantry Armor Level 1, Terran Infantry Weapons Level 1  
  47  6:36  Factory Reactor, SCV  
  47  6:37  SCV  
  47  6:39  Marine  
  47  6:48  Marine x4  
  47  6:52  SCV  
  52  6:57  Refinery  
  52  7:00  Medivac x2  
  52  7:01  Marine  
  57  7:02  SCV  
  57  7:04  Marine  
  57  7:06  Barracks Reactor  
  57  7:07  Terran Vehicle Weapons Level 1  
  58  7:09  Supply Depot  
  58  7:11  Marine x4  
  58  7:12  Marine  
  58  7:15  Widow Mine x2  
  67  7:17  SCV x2  
  67  7:18  Marine  
  67  7:22  Marine  
  70  7:29  Marine x2  
  66  7:31  Marine x2  
  66  7:32  Medivac, Marine  
  66  7:36  Marine  
  71  7:39  Command Center  
  71  7:41  Marine x3  
  65  7:52  Marine x4  
  65  7:54  Marine  
  65  7:56  Supply Depot  
  69  7:59  Marine  
  69  8:02  SCV x2  
  72  8:11  Factory Tech Lab  
  72  8:12  Marine x4  
  56  8:28  Marine  
  56  8:29  Marine x3  
  56  8:30  SCV  
  56  8:34  Marine x3  
  65  8:36  Siege Tank  
  65  8:37  Marine x2  
  69  8:53  Marine  
  70  9:01  Marine x2  
  64  9:04  Marine x3  
  64  9:05  Marine  
  68  9:10  SCV  
  68  9:14  Marine x2  
  79  9:17  Medivac  
  71  9:20  Marine  
  74  9:30  Marine x3  
  75  9:32  SCV  
  75  9:33  Planetary Fortress  
  76  9:38  Marine x2  
  76  9:39  Marine x2  
  76  9:41  Marine  
  76  9:43  SCV  
  82  9:49  Marine  
  83  10:01  Marine x3  
Show
View Real Time Build Order
Export as new Build Order

Railgan Zerg - Winner!

Build Orders: Pool First, Lurkers 

Get SALT Encoding   

  12  0:01  Drone  
  13  0:12  Overlord  
  13  0:17  Drone  
  14  0:30  Drone x2  
  14  0:34  Drone  
  17  0:46  Drone  
  17  0:47  Spawning Pool  
  17  0:55  Drone  
  18  1:11  Hatchery  
  18  1:12  Extractor  
  18  1:16  Drone  
  18  1:18  Drone  
  18  1:34  Zergling x2, Queen  
  18  1:39  Drone  
  22  1:49  Overlord  
  22  2:10  Queen  
  22  2:11  Drone x2  
  26  2:21  Drone  
  26  2:27  Drone  
  26  2:28  Queen  
  29  2:32  Metabolic Boost  
  29  2:36  Drone  
  29  2:37  Drone  
  31  2:42  Overlord  
  31  2:43  Drone x2  
  33  2:46  Drone x2  
  35  2:51  Spore Crawler  
  35  3:00  Drone  
  35  3:01  Drone  
  36  3:10  Drone x2  
  38  3:12  Evolution Chamber  
  38  3:17  Overlord  
  38  3:20  Zergling x4  
  38  3:21  Drone x2  
  41  3:27  Drone  
  41  3:29  Drone  
  43  3:36  Drone x2  
  43  3:37  Drone  
  43  3:39  Drone  
  43  3:41  Zerg Ground Armor Level 1  
  46  3:51  Drone x4  
  46  3:52  Overlord  
  46  3:54  Lair  
  50  3:56  Extractor  
  50  3:57  Extractor  
  50  4:00  Zergling x2  
  49  4:03  Drone  
  49  4:04  Extractor  
  49  4:07  Drone  
  50  4:12  Drone x3  
  50  4:14  Overlord  
  50  4:15  Zergling x2  
  54  4:24  Queen  
  55  4:35  Spore Crawler, Zergling x8  
  53  4:51  Zergling x2  
  53  4:52  Zergling x2  
  55  4:53  Zergling x2  
  55  4:54  Zergling x2  
  55  4:56  Drone  
  55  4:58  Queen  
  55  4:59  Queen  
  58  5:00  Zergling x4  
  62  5:07  Drone x2  
  62  5:08  Drone  
  62  5:10  Hydralisk Den, Zergling x2  
  62  5:11  Zergling x2  
  64  5:18  Drone  
  65  5:24  Overlord  
  65  5:32  Hatchery  
  65  5:34  Drone  
  65  5:35  Drone x3  
  68  5:39  Muscular Augments  
  68  5:40  Zerg Ground Armor Level 2  
  68  5:44  Evolution Chamber  
  67  5:52  Drone  
  68  6:00  Hydralisk x2, Zergling x2  
  68  6:01  Hydralisk, Overlord  
  75  6:08  Zergling x2  
  75  6:09  Zergling x2  
  75  6:13  Zergling x4  
  75  6:16  Zergling x2  
  75  6:17  Overlord  
  76  6:22  Hydralisk x4  
  83  6:25  Zerg Missile Weapons Level 1  
  83  6:30  Overlord  
  82  6:39  Hydralisk  
  82  6:40  Hydralisk  
  82  6:46  Hydralisk x2  
  89  6:49  Hydralisk  
  89  6:53  Lurker Den  
  91  6:54  Drone  
  91  6:55  Drone x5  
  96  7:04  Drone  
  96  7:07  Overlord  
  96  7:08  Drone x2  
  99  7:13  Drone  
  100  7:16  Hydralisk  
  100  7:17  Drone  
  103  7:23  Overlord  
  99  7:34  Hydralisk x5  
  105  7:45  Hydralisk, Drone  
  105  7:47  Drone  
  105  7:48  Drone x2  
  105  7:50  Extractor  
  105  7:51  Extractor, Hydralisk  
  107  7:53  Overseer  
  107  7:54  Drone  
  107  7:55  Drone  
  107  7:56  Overlord  
  107  7:58  Zerg Melee Weapons Level 1  
  111  7:59  Zergling x4  
  111  8:02  Infestation Pit  
  112  8:06  Hydralisk x2  
  112  8:07  Zergling x2  
  117  8:17  Hydralisk  
  117  8:18  Hydralisk x4  
  117  8:28  Overseer  
  117  8:29  Drone x5  
  122  8:42  Hive  
  122  8:43  Pneumatized Carapace  
  122  8:46  Overlord  
  122  8:49  Hatchery  
  122  8:51  Zergling x4  
  121  9:01  Hydralisk, Hatchery  
  119  9:06  Zergling x2  
  119  9:07  Overlord, Zergling x16  
  128  9:16  Zergling x2  
  129  9:17  Overlord  
  129  9:22  Overlord  
  129  9:27  Zergling x2  
  130  9:42  Zergling x8  
  130  9:43  Zergling x6  
  137  9:46  Lurker x7  
  137  9:51  Drone x2  
  146  9:57  Zergling x4  
  146  9:59  Zergling x4  
Tags
 
Add a new tag
Caveats
  • Supply blocks, unpowered buildings, or Contaminate may cause inaccurate times.
  • Supply counts are checked every 10 seconds.